 Dungeon Crawl Stone Soup version 0.18.1-6-gd335043 (webtiles) character file.

50 epen the Unweaver (level 3, 0/29 HPs)
             Began as a Demonspawn Abyssal Knight on May 20, 2016.
             Was a Follower of Lugonu.
             Succumbed to an adder's poison
             ... on level 2 of the Dungeon.
             The game lasted 00:01:57 (1699 turns).

epen the Unweaver (Demonspawn Abyssal Knight)       Turns: 1699, Time: 00:01:58

Health: 0/29       AC:  3    Str: 10 (13) XL:     3   Next: 55%
Magic:  4/5        EV: 11    Int: 12 (13) God:    Lugonu [*.....]
Gold:   18         SH:  0    Dex:  9 (12) Spells: 0 memorised, 2 levels left

rFire  . . .     SeeInvis .     a - +1 falchion
rCold  . . .     Gourm    .     b - +0 leather armour
rNeg   . . .     Faith    .     (no shield)
rPois  .         Spirit   .     (helmet restricted)
rElec  .         Dismiss  .     (no cloak)
rCorr  .         Reflect  .     (no gloves)
SustAt .         Harm     .     (no boots)
MR     .....                    (no amulet)
Stlth  ++........               (no ring)
                                i - ring of flight

@: lethally poisoned (0 -> -6), flying, not resistant to hostile enchantments,
unstealthy
A: antennae 1, camouflage 1, rot immunity
a: Depart the Abyss, Renounce Religion, Stop Flying


You were on level 2 of the Dungeon.
You worshipped Lugonu.
Lugonu was aware of your devotion.
You were hungry.

You visited 1 branch of the dungeon, and saw 2 of its levels.
You visited the Abyss 1 time.

You collected 18 gold pieces.

Inventory:

Hand Weapons
 a - a +1 falchion (weapon)
Armour
 b - a +0 leather armour (worn)
Jewellery
 i - a ring of flight (left hand)
Scrolls
 g - a scroll of identify
 k - a scroll of recharging
Comestibles
 c - a bread ration
 d - 2 fruits
 f - 2 meat rations


   Skills:
 + Level 3.2 Fighting
 * Level 2.6 Long Blades
 + Level 2.2 Armour
 + Level 1.0 Dodging
 * Level 3.3 Invocations


You had 2 spell levels left.
You didn't know any spells.

Dungeon Overview and Level Annotations

Branches:
Dungeon (2/15)

Altars:


Innate Abilities, Weirdness & Mutations

You have a pair of small antennae on your head.
You are immune to rotting.
Your skin changes colour to match your surroundings (Stealth).


Message History

You are feeling hungry.
Okay, then.
Read which item? (? for menu, Esc to quit)
As you read the scroll labeled CITUORPH MUISTE, it crumbles to dust.
You feel strangely unstable.
It was a scroll of teleportation.
* * * LOW HITPOINT WARNING * * *
You feel sick.
Read which item? (? for menu, Esc to quit)
As you read the scroll labeled ZECAYGAUVO, it crumbles to dust.
It is a scroll of recharging.
You aren't carrying any rechargeable items.
Read which item? (? for menu, Esc to quit)
As you read the scroll labeled QENGEQ NIXTA, it crumbles to dust.
You hear a loud clanging noise!
It was a scroll of noise.
Your surroundings suddenly seem different.
* * * LOW HITPOINT WARNING * * *
You feel sick.
Found a scroll labeled WYDAZA DYBEULIUTZ.
You die...

##.#+##
.....##
##.....##
##.......##
##
#.........#
..
+.........+
##
#...?.....#
#....@..#
##.....##
##...##
##+##


There were no monsters in sight!

Vanquished Creatures
  3 adders (D:2)
  A worm (D:2)
  A giant gecko (D:1)
  2 bats
  A goblin (D:1)
  6 hobgoblins
  2 jackals (D:1)
  A giant newt (D:1)
  A kobold (D:2)
  A rat (D:1)
19 creatures vanquished.

Notes
Turn   | Place    | Note
--------------------------------------------------------------
     0 | Abyss:1  | epen the Demonspawn Abyssal Knight began the quest for the Orb.
     0 | Abyss:1  | Reached XP level 1. HP: 18/18 MP: 2/2
    10 | D:1      | Escaped the Abyss
    76 | D:1      | Reached skill level 1 in Dodging
   107 | D:1      | Gained mutation: You are immune to rotting. [demonic ancestry]
   107 | D:1      | Reached XP level 2. HP: 23/24 MP: 4/4
   985 | D:2      | Gained mutation: You have a pair of small antennae on your head. [demonic ancestry]
   985 | D:2      | Reached XP level 3. HP: 16/29 MP: 5/5
  1677 | D:2      | Gained mutation: Your skin changes colour to match your surroundings (Stealth). [potion of beneficial mutation]
  1698 | D:2      | HP: 1/29 [poisoned by an adder]
  1699 | D:2      | Succumbed to an adder's poison

Skill      XL: |  1  2 |
---------------+-------+-----
Long Blades    | 2 |  2.6
Dodging        | 1 |  1.0
Armour         | 2 |  2.2
Invocations    | 3 |  3.3
Fighting       | |  3.2

Action                   || total
-------------------------++-------
Melee: Falchion          ||    90
 Abil: Evoke Flight      ||     1
  Use: Scroll            ||     4
       Potion            ||     3
 Stab: Sleeping          ||     1
  Eat: Chunk             ||     2
Armor: Leather armour    ||    15
Dodge: Dodged            ||    57
